 Dungeon Crawl Stone Soup version 0.27-a0-1101-ge311f74bc8 (webtiles) character file.

Game seed: 5138260496626374185

22 voltaire321 the Skirmisher (level 3, -2/29 HPs)
             Began as a Formicid Chaos Knight on Apr 28, 2021.
             Was a Plaything of Xom.
             Slain by a jackal (3 damage)
             ... on level 4 of the Dungeon.
             The game lasted 00:01:50 (266 turns).

voltaire321 the Skirmisher (Formicid Chaos Knight)   Turns: 266, Time: 00:01:50

Health: -2/29      AC:  5    Str: 17    XL:     3   Next: 7%
Magic:  3/3        EV: 11    Int: 11    God:    Xom [..*...]
Gold:   17         SH:  0    Dex: 10    Spells: 2/2 levels left

rFire    . . .     SeeInvis +   a - +0 falchion (chaos)
rCold    . . .     Faith    .   (no shield)
rNeg     . . .     Spirit   .   b - +2 leather armour
rPois    .         Reflect  .   (helmet unavailable)
rElec    .         Harm     .   (no cloak)
rCorr    .         Rampage  .   (no gloves)
Will     .....                  (no boots)
Stlth    +.........             (no amulet)
HPRegen  0.09/turn              (no ring)
MPRegen  0.08/turn              (no ring)

@: no status effects
A: permanent stasis, dig shafts and tunnels, antennae 3, four strong arms
a: Dig, Shaft Self, Renounce Religion


You were on level 4 of the Dungeon.
You worshipped Xom.
You were a toy of Xom.
You visited 1 branch of the dungeon, and saw 4 of its levels.

You collected 17 gold pieces.

Inventory:

Hand Weapons
 a - a +0 falchion of chaos (weapon)
Armour
 b - a +2 leather armour (worn)
Scrolls
 c - a scroll of acquirement {unknown}


   Skills:
 + Level 3.6 Fighting
 + Level 3.2 Long Blades
 + Level 2.6 Armour
 + Level 1.4 Dodging


You had 2 spell levels left.
You didn't know any spells.
Your spell library contained the following spells:

 Spells                   Type           Power      Damage    Failure   Level
 Magic Dart               Conj           0%         1d3       38%         1
 Call Imp                 Summ           0%         N/A       54%         2
 Slow                     Hex            0%         N/A       54%         2
 Conjure Flame            Conj/Fire      0%         6-21      77%         3
 Mephitic Cloud           Conj/Pois/Air  0%         N/A       77%         3
 Blink                    Tloc           Unusable   N/A       N/A         2

Dungeon Overview and Level Annotations

Branches:
Dungeon (4/15)
 Temple: D:4-7

Altars:


Innate Abilities, Weirdness & Mutations

You cannot be hasted, slowed, berserked, paralysed or teleported.
You can dig through walls and to a lower floor.
You have a pair of large antennae on your head. (SInv)
Your four strong arms can wield two-handed weapons with a shield.


Message History

* * * LOW HITPOINT WARNING * * *
The bat hits you but does no damage.
The frilled lizard bites you but does no damage.
The jackal closely misses you. The jackal bites you.
* * * LOW HITPOINT WARNING * * *
You climb downwards.
There is a stone staircase leading up here.
You miss the jackal. The frilled lizard barely misses you.
The jackal barely misses you. The frilled lizard barely misses you.
You riposte.
You miss the frilled lizard. You hit the jackal.
The jackal is almost dead.
The jackal barely misses you. The jackal closely misses you.
The frilled lizard bites you but does no damage.
You closely miss the jackal.
The jackal is almost dead.
The jackal bites you but does no damage.
The frilled lizard closely misses you.
You barely miss the jackal.
The jackal is almost dead.
The jackal bites you but does no damage.
The frilled lizard bites you.
* * * LOW HITPOINT WARNING * * *
The jackal bites you but does no damage.
You hit the jackal but do no damage.
The jackal is almost dead.
The jackal closely misses you.
You riposte.
You barely miss the jackal.
The jackal is almost dead.
The frilled lizard bites you but does no damage.
You closely miss the jackal.
The jackal is almost dead.
The jackal bites you.
* * * LOW HITPOINT WARNING * * *
The frilled lizard bites you but does no damage.
The jackal bites you.
* * * LOW HITPOINT WARNING * * *
You completely miss the jackal.
The jackal is almost dead.
The jackal bites you.
You die...

#.#
#.#
..#
#.#
#..
#h#
#l#
#@#
#h#
#.#
#..
###


You could see 2 jackals and a frilled lizard.

Vanquished Creatures
  A gnoll (D:1)
  A dart slug (D:1)
  An endoplasm (D:1)
  A kobold (D:1)
  A quokka (D:1)
  3 ball pythons (D:1)
  2 bats (D:1)
  A rat (D:1)
11 creatures vanquished.

Notes
Turn   | Place    | Note
-------+----------+-------------------------------------------
     0 | D:1      | voltaire321 the Formicid Chaos Knight began the quest for
                  | the Orb.
     0 | D:1      | Reached XP level 1. HP: 18/18 MP: 1/1
    52 | D:1      | Reached skill level 1 in Dodging
   172 | D:1      | Reached XP level 2. HP: 7/24 MP: 2/2
   201 | D:1      | Reached XP level 3. HP: 4/29 MP: 3/3
   265 | D:4      | HP: 1/29 [jackal (1)]
   266 | D:4      | Slain by a jackal

Illustrated notes

Levels and vault maps discovered:
D:1:      dpeg_arrival_tiny_f, layout_basic
D:2:      cheibrodos_old_hovel, layout_basic
D:3:      layout_rooms, marbit_many_paths, chequers_ecumenical_altar_grove,
          minmay_misc_feat_plants, serial_bayou_ford_a, uniq_sigmund
D:4:      layout_loops_ring, minmay_temple_entry_grid, uniq_blork_the_orc

Skill      XL: |  1 |
---------------+----+-----
Dodging        | 1 |  1.4
Fighting       | |  3.6
Long Blades    | |  3.2
Armour         | |  2.6

Action                   || total
-------------------------++-------
Melee: Falchion          ||    35
 Stab: Paralysed         ||     1
Armor: Leather armour    ||    33
Dodge: Dodged            ||    42
       Rpst.: Falchion   ||    14

Table legend: (Time is in decaauts)
 A = Elapsed time spent in this place.
 B = Non-inter-level travel time spent in this place.
 C = Inter-level travel time spent in this place.
 D = Time resting spent in this place.
 E = Time spent auto-exploring this place.
 F = Levels seen in this place.
 G = Mean time per level.
                   A        B        C        D        E       F      G
               +--------+--------+--------+--------+--------+-----+--------+
         Total |    270 |    270 |      0 |      0 |    128 |   4 |   67.5 |
       Dungeon |    270 |    270 |      0 |      0 |    128 |   4 |   67.5 |
               +--------+--------+--------+--------+--------+-----+--------+

Top non-repeatable levels by time:
     D:1: 234 daAuts
     D:3: 20 daAuts
     D:2: 7 daAuts
     D:4: 7 daAuts
